Map: 10000 Feet LE

Players

Indy

  • Race: Terran Terran
  • Spawn Location: 11:00

A.I. 1 (Hard) - Winner!

  • Race: Terran Terran
  • Spawn Location: 5:00

VOD

Have the link to the VOD?

Description

Time

  • Played on: March 14, 2026, 12:15 p.m.
  • Length: 3:40
Show
View Real Time Build Order
Export as new Build Order

Indy Terran 

Build Orders:  

Get SALT Encoding   

  12  0:00  SCV  
  13  0:12  SCV  
  14  0:18  Supply Depot  
  14  0:24  SCV  
  15  0:40  Barracks  
  16  0:45  Refinery  
  15  0:56  Barracks  
  15  1:01  SCV  
  16  1:13  SCV  
  18  1:27  Orbital Command  
  18  1:28  Barracks Tech Lab  
  17  1:43  Barracks Tech Lab  
  19  1:47  Marauder  
  19  1:52  Supply Depot  
  19  1:54  SCV  
  19  1:55  Concussive Shells  
  20  2:06  SCV  
  21  2:13  Marauder  
  21  2:14  Marauder  
  25  2:19  SCV  
  26  2:23  Supply Depot  
  26  2:31  SCV  
  26  2:34  Marauder  
  29  2:37  Marauder  
  31  2:44  SCV  
  31  2:45  Refinery  
  32  2:56  SCV  
  32  2:57  Marauder  
  35  2:59  Marauder  
  37  3:09  SCV  
  39  3:28  Supply Depot  
  39  3:30  Factory  
Show
View Real Time Build Order
Export as new Build Order

A.I. 1 (Hard) Terran - Winner!

Build Orders:  

Get SALT Encoding   

  12  0:00  SCV  
  13  0:13  SCV  
  14  0:18  Supply Depot  
  14  0:25  SCV  
  15  0:39  SCV  
  16  0:43  Barracks  
  16  0:51  SCV  
  17  1:03  SCV  
  18  1:21  SCV  
  18  1:23  Supply Depot  
  18  1:24  Refinery  
  19  1:30  Command Center  
  19  1:34  Marine  
  20  1:46  Orbital Command  
  20  1:52  Marine  
  21  2:05  Barracks  
  21  2:11  Barracks Tech Lab, SCV  
  21  2:14  Refinery  
  22  2:26  SCV  
  22  2:29  Marine  
  24  2:33  Supply Depot  
  24  2:42  SCV  
  25  2:47  Marauder  
  25  2:52  Marine  
  23  2:59  SCV  
  23  3:02  SCV  
  22  3:11  SCV  
  21  3:13  Marine  
  21  3:14  SCV  
  20  3:23  SCV  
  20  3:26  SCV  
Tags
 
Matchup
TvT
Player
Indy
Race
Terran
Spawn Locations
Cross Positions
Add a new tag
Caveats
  • Supply blocks, unpowered buildings, or Contaminate may cause inaccurate times.
  • Supply counts are checked every 10 seconds.